 Dungeon Crawl Stone Soup version 0.29.1-15-g9cfb28693d (webtiles) character file.

Game seed: 870647916930360038

506 venomsnake the Trooper (level 6, 0/58 HPs)
             Began as a Minotaur Fighter on Mar 25, 2023.
             Slain by Duvessa
             ... wielding a +0 rapier
              (3 damage)
             ... on level 5 of the Dungeon.
             The game lasted 00:10:57 (4016 turns).

venomsnake the Trooper (Minotaur Fighter)           Turns: 4016, Time: 00:10:58

Health: 0/58       AC: 13    Str: 28    XL:     6   Next: 97%
Magic:  5/5        EV:  8    Int:  5    God:
Gold:   20         SH:  5    Dex: 10    Spells: 5/5 levels left

rFire   . . .      SeeInvis .   a - +0 trident
rCold   . . .      Faith    .   c - +0 buckler
rNeg    . . .      Spirit   .   e - +0 chain mail
rPois   .          Reflect  .   (helmet restricted)
rElec   .          Harm     .   s - +0 cloak
rCorr   .          Rampage  .   q - +1 pair of gloves
Will    .....                   (no boots)
Stlth   ..........              (no amulet)
HPRegen 0.19/turn               g - +6 ring of strength
MPRegen 0.09/turn               (no ring)

@: no status effects
A: horns 2, retaliatory headbutt
a: no special abilities


You were on level 5 of the Dungeon.
You visited 1 branch of the dungeon, and saw 5 of its levels.

You collected 230 gold pieces.
You spent 210 gold pieces at shops.

Inventory:

Hand Weapons
 a - a +0 trident (weapon)
Armour
 c - a +0 buckler (worn)
 e - a +0 chain mail (worn)
 q - a +1 pair of gloves (worn)
 s - a +0 cloak (worn)
Jewellery
 g - a +6 ring of strength (left hand)
Scrolls
 f - a scroll of magic mapping {unknown}
 h - 3 scrolls of identify {unknown}
 i - a scroll of fog {unknown}
 j - 2 scrolls of teleportation {unknown}
 k - a scroll of amnesia {unknown}
 o - a scroll of torment {unknown}
 p - a scroll of immolation {unknown}
Potions
 b - a potion of degeneration {unknown}
 d - a potion of might
 l - a potion of curing {unknown}
 m - 3 potions of heal wounds {unknown}
 n - a potion of ambrosia {unknown}
 r - a potion of brilliance {unknown}
 t - a potion of attraction {unknown}


   Skills:
 * Level 6.3 Fighting
 + Level 3.2(4.2) Axes
 + Level 4.2(4.8) Polearms
 + Level 5.0 Armour
 + Level 5.0 Shields


You had 5 spell levels left.
You didn't know any spells.
Your spell library contained the following spells:

 Spells                   Type           Power      Damage    Failure   Level
 Conjure Flame            Conj/Fire      0%         6-21      100%        3
 Ignite Poison            Fire/Tmut/Pois 0%         N/A       100%        3
 Ozocubu's Armour         Ice            0%         N/A       100%        3
 Sticky Flame             Conj/Fire      0%         2d3       100%        4
 Ozocubu's Refrigeration  Ice            0%         4d7       100%        7


Dungeon Overview and Level Annotations

Branches:
Dungeon (5/15)
 Temple: D:4-7

Altars:
Cheibriados
Ru
Zin

Shops:
D:1 :   D:4 (**![

Annotations:
D:3 1 runed translucent door, 123deadman's ghost, weakling HOWn
D:5 Dowan; Duvessa; Menkaure


Innate Abilities, Weirdness & Mutations

You have a pair of horns on your head.
You reflexively headbutt those who attack you in melee.


Message History

Duvessa attacks as you move away! You block Duvessa's attack.
Dowan says, "Magic and the sword, together, will defeat you."
Duvessa attacks as you move away! Duvessa completely misses you.
Duvessa attacks as you move away! Duvessa hits you but does no damage.
Duvessa attacks as you move away! Duvessa hits you with a +0 rapier.
* * * LOW HITPOINT WARNING * * *
Duvessa attacks as you move away! Duvessa hits you but does no damage.
Duvessa attacks as you move away! You block Duvessa's attack.
Duvessa hits you but does no damage. Duvessa attacks as you move away!
Duvessa closely misses you. Duvessa attacks as you move away!
Duvessa hits you but does no damage. Duvessa attacks as you move away!
You block Duvessa's attack. Duvessa attacks as you move away!
Duvessa hits you but does no damage. Duvessa attacks as you move away!
Duvessa hits you with a +0 rapier.
* * * LOW HITPOINT WARNING * * *
Duvessa attacks as you move away! Duvessa hits you but does no damage.
Duvessa attacks as you move away! Duvessa hits you with a +0 rapier.
* * * LOW HITPOINT WARNING * * *
Duvessa gestures with her weapon.
Duvessa says, "My weaknesses are his strengths!"
Duvessa attacks as you move away! Duvessa completely misses you.
You closely miss Duvessa.
Duvessa is almost dead.
The ufetubus hits you but does no damage.
The ufetubus hits you.
* * * LOW HITPOINT WARNING * * *
Duvessa hits you but does no damage.
You barely miss Duvessa.
Duvessa is almost dead.
The ufetubus hits you but does no damage.
You block the ufetubus's attack. Duvessa closely misses you.
The ufetubus hits you but does no damage.
The ufetubus hits you.
* * * LOW HITPOINT WARNING * * *
You closely miss Duvessa.
Duvessa is almost dead.
The ufetubus hits you.
* * * LOW HITPOINT WARNING * * *
You block the ufetubus's attack. Duvessa hits you with a +0 rapier.
You die...

# #.# #.# # #.# #.# #
#.# #.# # #.###.###
############.....#.##
....................##
.......†.............#
.####.####.#...le5..##
.# #.# #.#)...@#.## .#
#.# #.###.###.# .# #.#
#.# #.# #.# .# #.# #.#
#.# #.# <# #.# #.# #.#
#.# .# #.# #.# #.# #.#
.# #.# #.# .## #.# #.#
... #.#


You could see Duvessa, an iguana and an ufetubus.

Vanquished Creatures
  An ogre (D:4)
  A phantom (D:5)
  A scorpion (D:5)
  2 hounds (D:4)
  Terence (D:3)
  2 iguanas (D:5)
  An orc wizard (D:4)
  3 adders
  3 worms
  4 dart slugs
  3 orcs
  3 bats (D:1)
  5 endoplasms
  4 giant cockroaches
  8 goblins
  5 hobgoblins
  8 jackals
  5 quokkas
  11 ball pythons
  4 frilled lizards
  4 kobolds
  2 rats
81 creatures vanquished.

Notes
Turn   | Place    | Note
-------+----------+-------------------------------------------
     0 | D:1      | venomsnake the Minotaur Fighter began the quest for the
                  | Orb.
     0 | D:1      | Reached XP level 1. HP: 19/19 MP: 0/0
    37 | D:1      | Found a faded altar of an unknown god.
   223 | D:1      | Reached XP level 2. HP: 27/27 MP: 1/1
   462 | D:1      | Reached skill level 4 in Fighting
   586 | D:1      | Reached skill level 1 in Axes
   842 | D:1      | Reached XP level 3. HP: 33/33 MP: 2/2
   967 | D:1      | Found Nualyme's Book Shoppe.
  1759 | D:3      | Reached XP level 4. HP: 38/41 MP: 3/3
  1781 | D:3      | Found a runed translucent door.
  1781 | D:3      | Noticed 123deadman's ghost (weakling HOWn)
  1819 | D:3      | Noticed Terence
  1853 | D:3      | Killed Terence
  2704 | D:4      | Found Toguil's Antique Armour Emporium.
  2719 | D:4      | Bought a pair of runed gloves for 210 gold pieces
  2748 | D:4      | Found a sacrificial altar of Ru.
  2749 | D:4      | Noticed an ogre
  2836 | D:4      | Reached skill level 5 in Fighting
  2842 | D:4      | Found Gihiph's Weapon Emporium.
  2885 | D:4      | Reached XP level 5. HP: 48/48 MP: 4/4
  3069 | D:4      | Found Faitejug's General Store.
  3119 | D:4      | Found Iciwurch's Assorted Antiques.
  3234 | D:4      | Found Dycuhuax's Distillery.
  3308 | D:4      | Killed an ogre
  3309 | D:4      | Reached XP level 6. HP: 37/57 MP: 5/5
  3534 | D:4      | Found a glowing silver altar of Zin.
  3534 | D:4      | Found a snail-covered altar of Cheibriados.
  3760 | D:5      | Entered Level 5 of the Dungeon
  3865 | D:5      | Reached skill level 6 in Fighting
  3945 | D:5      | Noticed Dowan
  3946 | D:5      | Noticed Duvessa
  3950 | D:5      | Reached skill level 5 in Armour
  3954 | D:5      | Noticed Menkaure
  3955 | D:5      | Reached skill level 5 in Shields
  4016 | D:5      | Slain by Duvessa

Illustrated notes

Levels and vault maps discovered:
D:1:      scummos_arrival_simple_crosswalls, layout_basic, serial_shops,
          shop_fountains, ebering_ecumenical_altar_rust
D:2:      layout_rooms
D:3:      layout_basic, gammafunk_ghost_grave, uniq_terence
D:4:      layout_basic, nicolae_ru_great_annihilating_truth,
          nicolae_overflow_two_pavilions, serial_shops, shop, shop, shop, shop,
          kennysheep_little_box, nicolae_concentric_dashed_squares_mild
D:5:      layout_loops_ring, minmay_temple_entry_proselytizer, uniq_duvessa,
          uniq_menkaure, uniq_pikel

Skill      XL: |  1  2  3  4  5  6 |
---------------+-------------------+-----
Fighting       | 4 5 6 |  6.3
Axes           | 1 2 3 |  3.2
Armour         | 4 5 |  5.0
Shields        | 4 5 |  5.0
Polearms       | 3 4 |  4.2

Action                   |  1- 3 |  4- 6 || total
-------------------------+-------+-------++-------
Melee: Trident           |    97 |   164 ||   261
       Headbutt          |     7 |    27 ||    34
 Stab: Paralysed         |       |     1 ||     1
Armor: Scale mail        |     2 |       ||     2
       Chain mail        |    33 |    68 ||   101
Dodge: Dodged            |    32 |    55 ||    87
Block: Buckler           |    15 |    27 ||    42
